 Dungeon Crawl Stone Soup version 0.29.0-4-gdea44cf6ec (webtiles) character file.

Game seed: 14813358011347121092

21 qw the Chopper (level 2, 0/17 HPs)
             Began as a Tengu Warper on Aug 28, 2022.
             Succumbed to their own poison gas
             ... on level 2 of the Dungeon.
             The game lasted 00:00:04 (438 turns).

qw the Chopper (Tengu Warper)                        Turns: 438, Time: 00:00:04

Health: 0/17       AC:  3    Str: 11    XL:     2   Next: 87%
Magic:  6/6        EV: 11    Int: 13    God:
Gold:   76         SH:  0    Dex: 13    Spells: 5/5 levels left

rFire   . . .      SeeInvis .   Y - +1 hand axe (flame)
rCold   + . .      Faith    .   (no shield)
rNeg    . . .      Spirit   .   b - +0 leather armour
rPois   .          Reflect  .   (helmet restricted)
rElec   .          Harm     .   (no cloak)
rCorr   .          Rampage  .   (no gloves)
Will    .....                   (boots unavailable)
Stlth   +.........              (no amulet)
HPRegen 0.05/turn               j - ring of protection from cold
MPRegen 0.10/turn               (no ring)

@: lethally poisoned (0 -> -8)
A: beak, talons 3
a: no special abilities


You were on level 2 of the Dungeon.
You visited 1 branch of the dungeon, and saw 2 of its levels.

You collected 76 gold pieces.


Innate Abilities, Weirdness & Mutations

You have a beak for a mouth.
You have claws for feet.


   Skills:
 - Level 2.0 Fighting
 + Level 3.6 Axes
 - Level 1.0 Throwing
 - Level 1.1 Armour
 - Level 2.1 Dodging
 - Level 2.0 Spellcasting
 - Level 2.4 Translocations


You had 5 spell levels left.
You didn't know any spells.
Your spell library contained the following spells:

 Spells                   Type           Power      Damage    Failure   Level
 Blink                    Tloc           14%        N/A       19%         2
 Gell's Gravitas          Tloc           7%         N/A       36%         3
 Lesser Beckoning         Tloc           7%         N/A       36%         3
 Teleport Other           Tloc           7%         N/A       36%         3
 Manifold Assault         Tloc           7%         N/A       98%         5

Inventory:

Hand Weapons
 Y - a +1 hand axe of flaming (weapon)
Missiles
 k - 3 boomerangs (quivered)
Armour
 b - a +0 leather armour (worn)
Jewellery
 j - a ring of protection from cold (left hand)
Potions
 i - a potion of curing {unknown}

Dungeon Overview and Level Annotations

Branches:
Dungeon (2/15)

Altars:

Shops:
D:1 *


Message History

(2) D:1 Assign waypoint to what number? (0-9, D - delete waypoint) Waypoint 1 assigned to D:2.
Found a stone staircase leading up.
428 ||| DROPPING amulet of faith.
You drop an amulet of faith.
429 ||| UPGRADING to ring of protection from cold.
j - a ring of protection from cold (left hand)
430 ||| READING scroll labelled ZAEHUR GARO.
The air fills with toxic fumes!
As you read the scroll labelled ZAEHUR GARO, it crumbles to dust.
It was a scroll of poison.
431 ||| READING scroll labelled NOVUEL LAUQYE.
As you read the scroll labelled NOVUEL LAUQYE, it crumbles to dust.
It is a scroll of enchant weapon.
Your +0 hand axe of flaming glows red for a moment.
432 ||| READING scroll labelled BAOCEE JORY.
As you read the scroll labelled BAOCEE JORY, it crumbles to dust.
The air around you briefly surges with heat, but it dissipates.
It was a scroll of immolation.
433 ||| DROPPING scroll of blinking.
You drop a scroll of blinking.
(D) Dungeon
Where to? (* - list waypoints, ? - help)
What level of the Dungeon? (default 1, ? - help) Sorry, I don't know how to get there.
Partly explored, can't reach some places.
434 ||| Stepping randomly (stuck).
Really walk into that cloud of poison gas?
You are engulfed in poison gas.
You are lethally poisoned!
You feel very sick.
435 ||| Stepping ~*~*~tactically~*~*~ (cloud).
You feel very sick.
Things that are here:
a scroll of blinking; an amulet of faith
There is a lethal amount of poison in your body!
You feel very sick.
There is a lethal amount of poison in your body!
You feel sick.
There is a lethal amount of poison in your body!
You die...

#####
#...##
.###..#.0#
<....###¤#
#..>...#00#
#.##.#0¤@##
# #.##0## .
#¤ ## #¤ #¤
#¤ #0 #.


There were no monsters in sight!

Vanquished Creatures
  A dart slug (D:1)
  3 ball pythons (D:1)
  An endoplasm (D:1)
  A giant cockroach (D:1)
  A goblin (D:1)
  2 hobgoblins (D:1)
  2 bats (D:1)
  3 frilled lizards (D:1)
  4 kobolds (D:1)
  A rat (D:1)
19 creatures vanquished.

Notes
Turn   | Place    | Note
-------+----------+-------------------------------------------
     0 | D:1      | qw the Tengu Warper began the quest for the Orb.
     0 | D:1      | Reached XP level 1. HP: 12/12 MP: 4/4
     0 | D:1      | 0 ||| qw: Version: 0.1-a-89-g26bdef1
     0 | D:1      | 0 ||| qw: Game counter: 1232
     0 | D:1      | 0 ||| qw: Always use a shield: true
     0 | D:1      | 0 ||| qw: God list: Okawaru
     0 | D:1      | 0 ||| qw: Allow faded altars: false
     0 | D:1      | 0 ||| qw: Do Orc after D:15 true
     0 | D:1      | 0 ||| qw: Do second Lair branch before Depths: true
     0 | D:1      | 0 ||| qw: Lair rune preference: random
     0 | D:1      | 0 ||| qw: Plans: Normal
     0 | D:1      | 0 ||| PLANNING D:1-11
    17 | D:1      | Found Behax's General Store.
    25 | D:1      | 25 ||| SHOPLISTING +0 leather armour of positive energy (78
                  | gold, have 0).
    25 | D:1      | 25 ||| SHOPLISTING scroll of enchant weapon (97 gold, have
                  | 0).
    25 | D:1      | 25 ||| SHOPLISTING scroll of identify (26 gold, have 0).
    25 | D:1      | 25 ||| SHOPLISTING scroll of teleportation (39 gold, have
                  | 0).
    34 | D:1      | 34 ||| Stepping ~*~*~tactically~*~*~ (stealth).
    83 | D:1      | Reached skill level 3 in Axes
    83 | D:1      | Reached XP level 2. HP: 16/17 MP: 6/6
   153 | D:1      | 153 ||| Stepping ~*~*~tactically~*~*~ (stealth).
   284 | D:1      | 284 ||| Stepping ~*~*~tactically~*~*~ (stealth).
   286 | D:1      | 286 ||| Stepping ~*~*~tactically~*~*~ (stealth).
   399 | D:1      | 399 ||| SWAPPING to +0 hand axe of flaming.
   400 | D:1      | 400 ||| DROPPING +0 hand axe.
   401 | D:1      | 401 ||| DROPPING +0 club.
   421 | D:1      | You fall into a shaft and drop 1 floor!
   428 | D:2      | 428 ||| DROPPING amulet of faith.
   429 | D:2      | 429 ||| UPGRADING to ring of protection from cold.
   430 | D:2      | 430 ||| READING scroll labelled ZAEHUR GARO.
   431 | D:2      | 431 ||| READING scroll labelled NOVUEL LAUQYE.
   432 | D:2      | 432 ||| READING scroll labelled BAOCEE JORY.
   433 | D:2      | 433 ||| DROPPING scroll of blinking.
   434 | D:2      | 434 ||| Stepping randomly (stuck).
   435 | D:2      | 435 ||| Stepping ~*~*~tactically~*~*~ (cloud).
   436 | D:2      | HP: 4/17 [poisoned by you (poison gas)]
   438 | D:2      | Succumbed to their own poison gas

Levels and vault maps discovered:
D:1:      enne_arrival_octagon_isle, layout_rooms, serial_shops, shop,
          grunt_decor_cap, bh_walls_and_bars
D:2:      layout_loops_ring, uniq_robin

Skill      XL: |  1 |
---------------+----+-----
Axes           | 3 |  3.6
Fighting       | |  2.0
Throwing       | |  1.0
Armour         | |  1.1
Dodging        | |  2.1
Spellcasting   | |  2.0
Translocations | |  2.4

Action                   || total
-------------------------++-------
Melee: Hand axe          ||    25
       Peck              ||     6
       Kick              ||     2
Throw: Boomerang         ||     7
  Use: Scroll            ||     3
Armor: Leather armour    ||     7
Dodge: Dodged            ||    13

Table legend:
 A = Non-vault XP
 B = Vault XP
 C = Vault XP percentage of total XP
 D = Non-vault monster count
 E = Vault monster count
 F = Vault count percentage of total count
                 A         B        C        D         E       F
            +---------+---------+-------+---------+---------+-------
      Total |      31 |       0 |   0.0 |      19 |       0 |   0.0
            +---------+---------+-------+---------+---------+-------
        D:1 |      31 |       0 |   0.0 |      19 |       0 |   0.0
            +---------+---------+-------+---------+---------+-------
